Spoon, neutral male human Ranger ------------ ---------- |..........--- |..[.....| ..............### |........| |@..!..%....%| #####-.<......| Y............| |........| |............| ---------- ---..........| --+--------- Spoon the Ranger Experience level: 8 Strength: 16 Dexterity: 10 Constitution: 15 Intelligence: 14 Wisdom: 11 Charisma: 9 Health: 0(50) Energy: 31(31) Def: 12 Gold: 278 Moves: 5446 Dungeon seed [set]: Game ID: Spoon_1643961689 Your Inventory: Coins $ - 278 gold pieces Weapons d - 32 blessed +0 arrows p - a blessed +4 orcish dagger named Dagger of Carnage w - 12 uncursed +0 arrows (in quiver) K - an uncursed +0 elven bow (weapon in hand) P - a blessed +0 battle-axe T - 7 uncursed +0 shuriken Armor e - an uncursed +2 cloak of displacement (being worn) r - an uncursed +0 dwarvish iron helm (being worn) y - an uncursed +0 elven mithril-coat (being worn) z - an uncursed +0 T-shirt (being worn) Y - an uncursed +0 pair of iron shoes (being worn) Comestibles f - an uncursed partly eaten cram ration J - an uncursed food ration Scrolls L - 2 uncursed scrolls of blank paper N - a blessed scroll of blank paper O - a cursed scroll of blank paper Wands g - an uncursed wand of slow monster (0:1) h - an uncursed wand of light (0:10) Tools k - an uncursed brass key m - an uncursed credit card D - an uncursed lock pick Spells and supernatural/magical abilities: Name Level Category Fail Memory a - healing 1 healing 100% 81% b - create monster 2 clerical 100% 81% W - pray for help -- divine ? -- Your skills at the end: Miscellaneous Skills wands [Basic] Weapon Skills dagger [Expert] bow [Basic] Spellcasting Skills Final Attributes: You were devoutly aligned. Your writing hand was ok. You had automatic searching. You were displaced. You were somewhat stealthy. You were held by an owlbear. You are dead. Vanquished creatures: a small mimic a tengu a mumak 2 giant spiders a horse an ice vortex 2 gnome kings a dust vortex a raven a baby crocodile 2 rock moles a rock piercer a pony 2 fog clouds 7 gnome lords 2 gnomish wizards a kobold mummy a golden naga hatchling an elf zombie a ghoul a paper golem a giant ant a puppy a floating eye a kitten 10 dwarves a homunculus a kobold lord 2 kobold shamans an iguana 4 hill orcs 2 centipedes a giant bat a dwarf zombie 2 wererats 4 hobbits a gecko 2 giant rats 2 cave spiders a yellow mold 2 green molds a red mold 38 gnomes 2 manes a gnome zombie 3 jackals a fox 2 kobolds 2 newts 3 goblins 4 sewer rats 9 grid bugs 3 bats 3 lichens 3 kobold zombies 148 creatures vanquished. Voluntary challenges: You did not adorn yourself with jewelry or accessories. You did not cause conflict. You were not invisible. You did not have reflection. You did not donate to any temples.. You used a wielded weapon 194 times, starting on turn 49. You did not apply a unicorn horn. You did not use plumbed fixtures. You did not drink any magical draughts. You read items or engraved 8 times, starting on turn 1632. You never genocided any monsters. You never polymorphed an object. You never changed form. You used no wishes. You did not use any artifacts. You never split a pudding. You never wrote Elbereth's name. You never violated your personal moral code. Dungeon overview: The Dungeons of Doom: levels 1 to 6 Level 1 a fountain a long staircase Level 2 a vault, a sink, a bench Level 3 a vault, a sink stairs to The Gnomish Mines Level 4 a fountain Level 5 a general store Level 6 <- You were here The Gnomish Mines: levels 4 to 9 Level 4 stairs to The Dungeons of Doom Level 5 Level 6 many shops, a temple to Venus, a magic chest, some fountains Level 7 Level 8 Level 9 History has recorded: On T:1 you entered the Dungeons of Doom to retrieve the Amulet of Yendor! On T:349 you reached level 2 of The Dungeons of Doom. On T:408 you advanced to experience level 2. On T:654 you reached level 3 of The Dungeons of Doom. On T:802 you advanced to experience level 3. On T:843 you reached level 1 of The Gnomish Mines. On T:869 you advanced to experience level 4. On T:942 you reached level 3 of The Gnomish Mines. On T:951 you advanced to experience level 5. On T:1054 you entered the Minetown temple On T:1414 you advanced to experience level 6. On T:1721 you opened a magic chest. On T:1805 you reached level 2 of The Gnomish Mines. On T:2304 you reached level 4 of The Dungeons of Doom. On T:2817 you reached level 5 of The Dungeons of Doom. On T:3319 you reached level 4 of The Gnomish Mines. On T:3370 you advanced to experience level 7. On T:3653 you reached level 5 of The Gnomish Mines. On T:4821 you reached level 6 of The Gnomish Mines. On T:5185 you advanced to experience level 8. On T:5381 you reached level 6 of The Dungeons of Doom. Score breakdown: Gold: 278 ( 27 points) Experience: 8 levels ( 700 points) Exploration: 9 levels ( 240 points) Discoveries: 11 items ( 550 points) Variety of kills: 55 monsters ( 2000 points) Major goal: reached Minetown ( 500 points) Survival: died (score multiplied by 3) Total score: 12051 Latest messages: You kill the kobold lord! T - an uncursed throwing star. $ - 49 gold pieces. T - an uncursed throwing star. T - 2 uncursed throwing stars. You see here a giant ant corpse. T - 2 uncursed throwing stars. T - an uncursed throwing star. w - an uncursed arrow (in quiver). You see here a sticky potion. w - an uncursed arrow (in quiver). The owlbear punches you! (2x) The owlbear grabs you! The owlbear punches you! The owlbear misses. You are being crushed. You cannot escape from the owlbear! The owlbear punches you! (2x) You are being crushed. You cannot escape from the owlbear! The owlbear punches you! (2x) You are being crushed. The owlbear punches you! You die... Final status: Goodbye Spoon the Ranger, killed by an owlbear... You died in The Dungeons of Doom on dungeon level 6 with 12051 points, and 278 pieces of gold, after 5446 moves. You were level 8 with a maximum of 50 hit points when you died.